 Dungeon Crawl Stone Soup version 0.28.0-1-gb440e238dd (webtiles) character file.

Game seed: 4814578847848146467

324 pkoi the Insei (level 6, -1/52 HPs)
             Began as a Draconian Monk on Feb 22, 2022.
             Was a Believer of Sif Muna.
             Slain by an orc (6 damage)
             ... on level 4 of the Dungeon.
             The game lasted 00:03:57 (4505 turns).

pkoi the Insei (Draconian Monk)                     Turns: 4505, Time: 00:03:58

Health: -1/52      AC:  6    Str: 13    XL:     6   Next: 23%
Magic:  6/6        EV: 13    Int: 12    God:    Sif Muna [**....]
Gold:   168        SH:  0    Dex: 14    Spells: 5/5 levels left

rFire   + . .      SeeInvis .     - Unarmed
rCold   + . .      Faith    .   (no shield)
rNeg    . . .      Spirit   .   (armour unavailable)
rPois   +          Reflect  .   (helmet restricted)
rElec   +          Harm     .   (no cloak)
rCorr   +          Rampage  .   (no gloves)
Will    .....                   (no boots)
Stlth   ++........              (no amulet)
HPRegen 0.17/turn               (no ring)
MPRegen 0.10/turn               (no ring)

@: resistant
A: AC +6, unfitting armour, cold-blooded
a: Renounce Religion, Channel Magic


You were on level 4 of the Dungeon.
You worshipped Sif Muna.
Sif Muna was pleased with you.
You visited 2 branches of the dungeon, and saw 6 of its levels.

You collected 168 gold pieces.

Inventory:

Scrolls
 a - a scroll of brand weapon {unknown}
 d - 3 scrolls of magic mapping {unknown}
 e - 2 scrolls of teleportation {unknown}
 i - a scroll of noise {unknown}
 k - 3 scrolls of identify {unknown}
 l - a scroll of torment {unknown}
Potions
 b - 2 potions of haste
 f - 2 potions of mutation {unknown}
 h - a potion of lignification {unknown}
 j - a potion of curing {unknown}


   Skills:
 + Level 3.7 Fighting
 + Level 3.1 Dodging
 - Level 1.7 Stealth
 * Level 6.6 Unarmed Combat


You had 5 spell levels left.
You didn't know any spells.
Your spell library contained the following spells:

 Spells                   Type           Power      Damage    Failure   Level
 Shock                    Conj/Air       0%         1d3       32%         1
 Swiftness                Air            0%         N/A       69%         3
 Airstrike                Air            0%         N/A       97%         4


Dungeon Overview and Level Annotations

Branches:
Dungeon (5/15)             Temple (1/1) D:4

Altars:
Cheibriados
Dithmenos
Elyvilon
Gozag
Hepliaklqana
Kikubaaqudgha
Nemelex Xobeh
Okawaru
Qazlal
Ru
Sif Muna
Trog
Yredelemnul
Zin


Innate Abilities, Weirdness & Mutations

Your plain brown scales are hard. (AC +6)
You cannot fit into any form of body armour.
You are cold-blooded and may be slowed by cold attacks.


Message History

The puff of flame hits you.
The hound barks!
You closely miss the orc.
The orc hits you with a +2 hand axe of electrocution.
The orc hits you with a +2 hand axe of electrocution.
* * * LOW HITPOINT WARNING * * *
You are electrocuted!
* * * LOW HITPOINT WARNING * * *
The orc wizard gestures wildly while chanting.
The orc wizard flickers and vanishes!
Deactivating autopickup; reactivate with Ctrl-A.
The orc throws a boomerang.
The boomerang completely misses you. The hound misses you.
There is a stone staircase leading up here.
The hound closely misses you. The hound bites you but does no damage.
You climb upwards.
Reactivating autopickup.
There is a stone staircase leading down here.
You hit the orc.
The orc is heavily wounded.
The hound closely misses you.
The orc hits you with a +2 hand axe of electrocution.
* * * LOW HITPOINT WARNING * * *
You are electrocuted!
* * * LOW HITPOINT WARNING * * *
You closely miss the orc.
The orc is heavily wounded.
The hound bites you but does no damage. x2
The orc hits you with a +2 hand axe of electrocution.
* * * LOW HITPOINT WARNING * * *
Unknown command.
It was a potion of cancellation.
You feel magically purged. The hound misses you. The orc closely misses you.
It was a potion of resistance.
You feel protected. The hound bites you.
* * * LOW HITPOINT WARNING * * *
The hound closely misses you.
The orc hits you with a +2 hand axe of electrocution.
You die...

.###8###8###8##.................≈
.##############...........##....≈
..........................##....≈
................................≈
#.................#.............≈
......###.........#..............
......###.........#..............
.............##...#..............
...............o@h+.......#......
........##......###......##......
........8#.......................
........##.......................
........##.......................
........##.......................
........8##'#.##..###.....###....
..(.....###.#.##..# #.....# #....
........# #.#.##..# #.....####+##


You could see a hound and an orc.

Vanquished Creatures
  2 phantoms (D:4)
  A hound (D:4)
  2 iguanas (D:4)
  2 adders
  A dart slug (D:4)
  6 orcs
  5 ball pythons
  4 endoplasms
  2 giant cockroaches
  5 goblins
  8 hobgoblins
  6 jackals
  3 quokkas
  3 bats
  2 frilled lizards
  11 kobolds
  8 rats
71 creatures vanquished.

Notes
Turn   | Place    | Note
-------+----------+-------------------------------------------
     0 | D:1      | pkoi the Draconian Monk began the quest for the Orb.
     0 | D:1      | Reached XP level 1. HP: 19/19 MP: 1/1
   543 | D:1      | Reached XP level 2. HP: 22/26 MP: 2/2
  1356 | D:2      | Reached skill level 4 in Unarmed Combat
  1528 | D:2      | Found a sacrificial altar of Ru.
  1798 | D:2      | Reached XP level 3. HP: 31/31 MP: 3/3
  2296 | D:3      | Found a faded altar of an unknown god.
  2411 | D:3      | Found a bloodstained altar of Trog.
  2875 | D:4      | Reached XP level 4. HP: 37/38 MP: 4/4
  2895 | D:4      | Noticed a phantom
  2956 | D:4      | Found a staircase to the Ecumenical Temple.
  2975 | D:4      | Killed a phantom
  2976 | D:4      | Reached skill level 5 in Unarmed Combat
  2976 | D:4      | Reached XP level 5. HP: 17/45 MP: 5/5
  2988 | Temple   | Entered the Ecumenical Temple
  3266 | Temple   | Became a worshipper of Sif Muna the Loreminder
  3266 | Temple   | Reached * piety under Sif Muna
  3266 | Temple   | Reached ** piety under Sif Muna
  3484 | D:4      | Found a snail-covered altar of Cheibriados.
  3582 | D:4      | Reached skill level 6 in Unarmed Combat
  3923 | D:4      | Noticed a phantom
  3943 | D:4      | Killed a phantom
  4131 | D:4      | Reached XP level 6. HP: 46/52 MP: 6/6
  4301 | D:4      | Found a shadowy altar of Dithmenos.
  4485 | D:5      | Entered Level 5 of the Dungeon
  4505 | D:4      | Slain by an orc

Illustrated notes

Levels and vault maps discovered:
D:1:      co_arrival_square_in_a_square_in_a_square, layout_basic,
          serial_bayou_lake_a
D:2:      layout_basic, basic_altar
D:3:      layout_rooms, trog_hazing_becter, hellmonk_ecumenical_altar_dog_temple
D:4:      layout_basic, marbit_many_paths,
          mainiacjoe_overflow_concentric_impassable, minmay_temple_entry_mist,
          serial_corexii_hall, chequers_hall_statues_wall_a,
          corexii_hall_statues_deadend, kennysheep_cluttered_room,
          minmay_misc_feat_x, minmay_misc_feat_rugged
D:5:      layout_cave_pods, serial_shops, shop, uniq_ijyb
Temple:   jpeg_temple_clearing

Skill      XL: |  1  2  3  4  5 |
---------------+----------------+-----
Unarmed Combat | 4 5 6 |  6.6
Dodging        | 3 |  3.1
Fighting       | |  3.7
Stealth        | |  1.7

Action                   |  1- 3 |  4- 6 || total
-------------------------+-------+-------++-------
Melee: Unarmed           |   152 |   112 ||   264
       Tailslap          |    12 |    19 ||    31
       Punch             |     4 |     2 ||     6
  Use: Potion            |       |     3 ||     3
 Stab: Sleeping          |     6 |     3 ||     9
       Distracted        |     1 |       ||     1
Armor: Skin              |    48 |    15 ||    63
Dodge: Dodged            |    98 |    64 ||   162
